| TOP OF THE 1ST |
|
Milwaukee Creams batting - Pitching for St. Louis Cardinals : RHP Jeff Pico
|
|
Pitching: RHP Jeff Pico
|
|
|
Batting: RHB Mark Loretta
|
0-0: Ball 1-0: Called Strike 1-1: Swinging Strike 1-2: Ball 2-2: Ground out 6-3 (Groundball, 6, EV 76.9 MPH)
|
|
Batting: SHB Chipper Jones
|
0-0: Called Strike 0-1: SINGLE (Groundball, 3D, EV 101.9 MPH)
|
|
Batting: SHB Ken Caminiti
|
0-0: Called Strike 0-1: Fly out, F9 (Flyball, 89S, EV 78.8 MPH)
|
|
Batting: LHB Carlos Delgado
|
0-0: Ball 1-0: Ball 2-0: Foul Ball, location: 2F 2-1: 2-RUN HOME RUN (Flyball, 89XD, EV 101.3 MPH), Distance : 449 ft
|
|
Batting: LHB John Elway
|
0-0: Called Strike 0-1: Swinging Strike 0-2: Ball 1-2: Ground out 1-3 (Groundball, 15S, EV 67.5 MPH)
|
| Top of the 1st over - 2 runs, 2 hits, 0 errors, 0 left on base; Milwaukee 2 - St. Louis 0 |
| BOTTOM OF THE 1ST |
|
St. Louis Cardinals batting - Pitching for Milwaukee Creams : LHP Teddy Higuera
|
|
Pitching: LHP Teddy Higuera
|
|
|
Batting: RHB Royce Clayton
|
0-0: Called Strike 0-1: Ball 1-1: Ground out 6-3 (Groundball, 56, EV 97.5 MPH)
|
|
Batting: RHB John Valentin
|
0-0: Ball 1-0: Ball 2-0: Ball 3-0: Base on Balls
|
|
Batting: LHB Brian S Giles
|
0-0: Ball 1-0: DOUBLE (Line Drive, 9LM, EV 106.3 MPH) John Valentin to third Runner from 3rd tries for Home, SAFE, no throw by RF
|
|
Batting: RHB Ivan Calderon
|
0-0: Ball 1-0: Foul Ball, location: 2F 1-1: Ball 2-1: 2-RUN HOME RUN (Flyball, 78XD, EV 103.1 MPH), Distance : 402 ft
|
|
Batting: LHB Karim Garcia
|
0-0: Ball 1-0: SINGLE (Groundball, 34S, EV 63.1 MPH) (infield hit)
|
|
Batting: RHB Dickie Thon
|
0-0: Ball 1-0: Ball 2-0: Fly out, F9 (Line Drive, 9, EV 87.5 MPH)
|
|
Batting: LHB Steve Finley
|
0-0: Called Strike 0-1: Ball 1-1: Called Strike 1-2: Fielders Choice at 2nd, 5-4 (Groundball, 5L, EV 85.6 MPH)
|
| Bottom of the 1st over - 3 runs, 3 hits, 0 errors, 1 left on base; Milwaukee 2 - St. Louis 3 |
| TOP OF THE 2ND |
|
Milwaukee Creams batting - Pitching for St. Louis Cardinals : RHP Jeff Pico
|
|
Batting: SHB Gerald Young
|
0-0: Swinging Strike 0-1: Ball 1-1: SINGLE (Line Drive, 78S, EV 95.6 MPH)
|
|
Batting: SHB Jorge Posada
|
0-0: Called Strike 0-1: Ball 1-1: Ball 2-1: SINGLE (Flyball, 3D, EV 89.4 MPH) Gerald Young to second Runner from 2nd tries for 3rd, SAFE, throw by RF made to third
|
|
Batting: RHB Rey Sanchez
|
0-0: Fly out, F9 (Flyball, 9S, EV 83.8 MPH)
|
|
Batting: LHB Tom Goodwin
|
0-0: Foul Ball, location: 2F 0-1: Fielders Choice at 2nd, 4-6 (Groundball, 4, EV 85.0 MPH) Gerald Young scores
|
|
Batting: RHB Mark Loretta
|
0-0: Ball Tom Goodwin steals 2nd base 1-0: SINGLE (Line Drive, 56, EV 104.4 MPH) Tom Goodwin to third
|
|
Batting: SHB Chipper Jones
|
0-0: Ball 1-0: Swinging Strike 1-1: Fly out, F7 (Flyball, 7S, EV 78.8 MPH)
|
| Top of the 2nd over - 1 run, 3 hits, 0 errors, 2 left on base; Milwaukee 3 - St. Louis 3 |
| BOTTOM OF THE 2ND |
|
St. Louis Cardinals batting - Pitching for Milwaukee Creams : LHP Teddy Higuera
|
|
Batting: RHB Damian Miller
|
0-0: Ball 1-0: Fly out, F7 (Line Drive, 7, EV 92.5 MPH)
|
|
Batting: RHB Doug Glanville
|
0-0: Ball 1-0: Ball 2-0: Ball 3-0: Called Strike 3-1: Base on Balls
|
|
Batting: RHB Royce Clayton
|
0-0: Called Strike 0-1: Called Strike 0-2: Foul Ball, location: 2F 0-2: Ball Doug Glanville steals 2nd base 1-2: Ground out 6-3 (Groundball, 6MS, EV 90.6 MPH) Doug Glanville to third
|
|
Batting: RHB John Valentin
|
0-0: Ground out 6-3 (Groundball, 56, EV 107.5 MPH)
|
| Bottom of the 2nd over - 0 runs, 0 hits, 0 errors, 1 left on base; Milwaukee 3 - St. Louis 3 |
| TOP OF THE 3RD |
|
Milwaukee Creams batting - Pitching for St. Louis Cardinals : RHP Jeff Pico
|
|
Batting: SHB Ken Caminiti
|
0-0: Ball 1-0: Ball 2-0: Called Strike 2-1: Ball 3-1: Foul Ball, location: 2F 3-2: Fly out, F7 (Flyball, 78XD, EV 88.1 MPH)
|
|
Batting: LHB Carlos Delgado
|
0-0: Ball 1-0: DOUBLE (Flyball, 78XD, EV 96.9 MPH)
|
|
Batting: LHB John Elway
|
0-0: Ball 1-0: Ball 2-0: Foul Ball, location: 2F 2-1: Called Strike 2-2: Foul Ball, location: 2F 2-2: Ground out U3 (Groundball, 34, EV 79.4 MPH) Carlos Delgado to third
|
|
Pitching: RHP Rusty Meacham
|
|
|
Batting: SHB Gerald Young
|
0-0: Foul Ball, location: 2F 0-1: Ball 1-1: Ball 2-1: Called Strike 2-2: Ball 3-2: Fly out, F7 (Flyball, 78M, EV 85.0 MPH)
|
| Top of the 3rd over - 0 runs, 1 hit, 0 errors, 1 left on base; Milwaukee 3 - St. Louis 3 |
| BOTTOM OF THE 3RD |
|
St. Louis Cardinals batting - Pitching for Milwaukee Creams : LHP Teddy Higuera
|
|
Batting: LHB Brian S Giles
|
0-0: Foul Ball, location: 2F 0-1: Ball 1-1: Ball 2-1: Fly out, F9 (Flyball, 9LD, EV 85.6 MPH)
|
|
Batting: RHB Ivan Calderon
|
0-0: Called Strike 0-1: Fly out, F6 (Popup, 6, EV 56.3 MPH)
|
|
Batting: LHB Karim Garcia
|
0-0: Foul Ball, location: 2F 0-1: Ball 1-1: Fly out, F8 (Flyball, 8RD, EV 99.4 MPH)
|
| Bottom of the 3rd over - 0 runs, 0 hits, 0 errors, 0 left on base; Milwaukee 3 - St. Louis 3 |
| TOP OF THE 4TH |
|
Milwaukee Creams batting - Pitching for St. Louis Cardinals : RHP Rusty Meacham
|
|
Batting: SHB Jorge Posada
|
0-0: Ball 1-0: Called Strike 1-1: Ball 2-1: Ball 3-1: Ground out 4-3 (Groundball, 4, EV 88.1 MPH)
|
|
Batting: RHB Rey Sanchez
|
0-0: Reached on error, E4 (Groundball, 34, EV 91.3 MPH)
|
|
Batting: LHB Tom Goodwin
|
0-0: Ball 1-0: Ball 2-0: Ball 3-0: Called Strike 3-1: Swinging Strike 3-2: Base on Balls Rey Sanchez to second
|
|
Pitching: LHP Vince Horsman
|
|
|
Batting: RHB Mark Loretta
|
0-0: Called Strike 0-1: Swinging Strike 0-2: Fly out, F8 (Line Drive, 8LD, EV 89.4 MPH)
|
|
Batting: SHB Chipper Jones
|
0-0: Ball 1-0: Called Strike 1-1: Ball 2-1: Swinging Strike 2-2: Foul Ball, location: 2F 2-2: Ball 3-2: Strikes out swinging
|
| Top of the 4th over - 0 runs, 0 hits, 1 error, 2 left on base; Milwaukee 3 - St. Louis 3 |
| BOTTOM OF THE 4TH |
|
St. Louis Cardinals batting - Pitching for Milwaukee Creams : LHP Teddy Higuera
|
|
Batting: RHB Dickie Thon
|
0-0: Called Strike 0-1: Ball 1-1: Ball 2-1: Called Strike 2-2: Ball 3-2: Base on Balls
|
|
Batting: LHB Steve Finley
|
0-0: Sac Bunt to 3S - play at first, batter OUT! 3-1 Dickie Thon to second
|
|
Batting: RHB Damian Miller
|
0-0: Called Strike 0-1: Foul Ball, location: 2F 0-2: Ball 1-2: Ball 2-2: Foul Ball, location: 2F 2-2: Ball 3-2: Base on Balls
|
|
Batting: RHB Doug Glanville
|
0-0: Called Strike Dickie Thon steals 3rd base Damian Miller to second 0-1: SINGLE (Line Drive, 56D, EV 108.8 MPH) Dickie Thon scores Damian Miller to third
|
|
Batting: RHB Royce Clayton
|
0-0: Ball 1-0: Fly out, F9 (Flyball, 9S, EV 85.6 MPH)
|
|
Batting: RHB John Valentin
|
0-0: Called Strike 0-1: Ball 1-1: Foul Ball, location: 2F 1-2: Ground out 2-3 (Groundball, 15S, EV 71.9 MPH)
|
| Bottom of the 4th over - 1 run, 1 hit, 0 errors, 2 left on base; Milwaukee 3 - St. Louis 4 |
| TOP OF THE 5TH |
|
Milwaukee Creams batting - Pitching for St. Louis Cardinals : LHP Vince Horsman
|
|
Batting: SHB Ken Caminiti
|
0-0: Ball 1-0: Foul Ball, location: 2F 1-1: Called Strike 1-2: Ball 2-2: Ball 3-2: Foul Ball, location: 2F 3-2: Base on Balls
|
|
Pitching: RHP Mariano Rivera
|
|
|
Batting: LHB Carlos Delgado
|
0-0: Called Strike 0-1: Called Strike 0-2: Ball 1-2: Strikes out swinging
|
|
Batting: LHB John Elway
|
0-0: DOUBLE (Groundball, 3D, EV 100.0 MPH) Ken Caminiti to third Runner from 3rd tries for Home, SAFE, throw by RF to trailing runner, SAFE at third!
|
|
Batting: SHB Gerald Young
|
0-0: Called Strike 0-1: Swinging Strike 0-2: Ball 1-2: Strikes out swinging
|
|
Batting: SHB Jorge Posada
|
0-0: Called Strike 0-1: Ball 1-1: Called Strike 1-2: Ball 2-2: Strikes out swinging
|
| Top of the 5th over - 1 run, 1 hit, 0 errors, 1 left on base; Milwaukee 4 - St. Louis 4 |
| BOTTOM OF THE 5TH |
|
St. Louis Cardinals batting - Pitching for Milwaukee Creams : LHP Teddy Higuera
|
|
Batting: LHB Brian S Giles
|
0-0: Swinging Strike 0-1: Foul Ball, location: 2F 0-2: Ball 1-2: Ground out 4-3 (Groundball, 4, EV 78.1 MPH)
|
|
Batting: RHB Ivan Calderon
|
0-0: Ball 1-0: Called Strike 1-1: Fly out, F9 (Flyball, 9LM, EV 94.4 MPH)
|
|
Batting: LHB Karim Garcia
|
0-0: Swinging Strike 0-1: Swinging Strike 0-2: Strikes out looking
|
| Bottom of the 5th over - 0 runs, 0 hits, 0 errors, 0 left on base; Milwaukee 4 - St. Louis 4 |
| TOP OF THE 6TH |
|
Milwaukee Creams batting - Pitching for St. Louis Cardinals : RHP Mariano Rivera
|
|
Batting: RHB Rey Sanchez
|
0-0: SINGLE (Flyball, 89M, EV 91.3 MPH)
|
|
Pitching: LHP Randy Myers
|
|
|
Batting: LHB Tom Goodwin
|
0-0: Ball 1-0: Bunt missed! 1-1: Bunt missed! 1-2: Foul Ball, location: 2F 1-2: Strikes out looking
|
|
Pitching: RHP Steve Chitren
|
|
|
Batting: RHB Mark Loretta
|
0-0: Called Strike 0-1: Ball 1-1: Foul Ball, location: 2F 1-2: Fielders Choice at 2nd, 6-4 (Groundball, 6, EV 86.3 MPH)
|
|
Batting: SHB Chipper Jones
|
0-0: Ball 1-0: Ball 2-0: Ball 3-0: Swinging Strike 3-1: DOUBLE (Flyball, 89XD, EV 101.3 MPH) Mark Loretta to third Runner from 3rd tries for Home, SAFE, no throw by CF
|
|
Batting: SHB Ken Caminiti
|
0-0: Foul Ball, location: 2F 0-1: Ball 1-1: Ball 2-1: Foul Ball, location: 2F 2-2: Fly out, F9 (Line Drive, 9D, EV 101.3 MPH)
|
| Top of the 6th over - 1 run, 2 hits, 0 errors, 1 left on base; Milwaukee 5 - St. Louis 4 |
| BOTTOM OF THE 6TH |
|
St. Louis Cardinals batting - Pitching for Milwaukee Creams : LHP Teddy Higuera
|
|
Pitching: LHP Jeff Calhoun
|
|
|
Batting: RHB Dickie Thon
|
0-0: Foul Ball, location: 2F 0-1: Ball 1-1: Foul Ball, location: 2F 1-2: Ball 2-2: Ball 3-2: Base on Balls
|
|
Batting: LHB Steve Finley
|
0-0: Sac Bunt to P - play at first, batter OUT! 1-4 Dickie Thon to second
|
|
Batting: RHB Damian Miller
|
0-0: Ball 1-0: Foul Ball, location: 2F 1-1: Swinging Strike 1-2: Ball 2-2: Strikes out swinging
|
|
Batting: RHB Doug Glanville
|
0-0: Called Strike 0-1: Ball 1-1: Foul Ball, location: 2F 1-2: Ground out 6-3 (Groundball, 6, EV 103.8 MPH)
|
| Bottom of the 6th over - 0 runs, 0 hits, 0 errors, 1 left on base; Milwaukee 5 - St. Louis 4 |
| TOP OF THE 7TH |
|
Milwaukee Creams batting - Pitching for St. Louis Cardinals : RHP Steve Chitren
|
|
Batting: LHB Carlos Delgado
|
0-0: Ball 1-0: Ball 2-0: Called Strike 2-1: Foul Ball, location: 2F 2-2: SOLO HOME RUN (Flyball, 9LD, EV 103.1 MPH), Distance : 338 ft
|
|
Batting: LHB John Elway
|
0-0: Swinging Strike 0-1: Ball 1-1: Called Strike 1-2: Ball 2-2: Strikes out swinging
|
|
Batting: SHB Gerald Young
|
0-0: Ball 1-0: Ball 2-0: Ball 3-0: Base on Balls
|
|
Batting: SHB Jorge Posada
|
0-0: Ball 1-0: Foul Ball, location: 2F 1-1: Swinging Strike 1-2: Strikes out swinging
|
|
Batting: RHB Rey Sanchez
|
0-0: Swinging Strike 0-1: Ball 1-1: Fielders Choice at 2nd, 6-4 (Groundball, 6, EV 85.0 MPH)
|
| Top of the 7th over - 1 run, 1 hit, 0 errors, 1 left on base; Milwaukee 6 - St. Louis 4 |
| BOTTOM OF THE 7TH |
|
St. Louis Cardinals batting - Pitching for Milwaukee Creams : LHP Jeff Calhoun
|
|
Batting: RHB Royce Clayton
|
0-0: Called Strike 0-1: Foul Ball, location: 2F 0-2: Ball 1-2: Ball 2-2: Foul Ball, location: 2F 2-2: Ball 3-2: Foul Ball, location: 2F 3-2: Base on Balls
|
|
Batting: RHB John Valentin
|
0-0: Bunt missed! 0-1: Bunt missed! 0-2: SINGLE (Line Drive, 78M, EV 107.5 MPH) Royce Clayton to second
|
|
Batting: LHB Brian S Giles
|
0-0: Ball 1-0: Fly out, F9 (Line Drive, 9, EV 98.8 MPH) Runner from 2nd tags up, SAFE at 3rd with throw by RF
|
|
Batting: RHB Ivan Calderon
|
0-0: Ball 1-0: Foul Ball, location: 2F 1-1: Grounds into double play, 6-4-3 (Groundball, 56, EV 103.8 MPH)
|
| Bottom of the 7th over - 0 runs, 1 hit, 0 errors, 1 left on base; Milwaukee 6 - St. Louis 4 |
| TOP OF THE 8TH |
|
Milwaukee Creams batting - Pitching for St. Louis Cardinals : RHP Steve Chitren
|
|
Batting: LHB Tom Goodwin
|
0-0: Ball 1-0: Reached on error, E4 (Groundball, 4, EV 90.6 MPH)
|
|
Batting: RHB Mark Loretta
|
0-0: Ball Tom Goodwin steals 2nd base 1-0: Bunt missed! 1-1: Ball 2-1: Bunt missed! 2-2: Ball 3-2: Base on Balls
|
|
Batting: SHB Chipper Jones
|
0-0: Ball 1-0: Foul Ball, location: 2F 1-1: DOUBLE (Groundball, 5L, EV 105.0 MPH) Tom Goodwin scores Mark Loretta to third
|
|
Pitching: RHP Bryce Florie
|
|
|
Batting: SHB Ken Caminiti
|
0-0: Swinging Strike 0-1: Fly out, F7 (Flyball, 7S, EV 88.1 MPH) Runner from 3rd tags up, SCORES, throw by LF
|
|
Batting: LHB Carlos Delgado
|
0-0: Called Strike 0-1: Ball 1-1: Foul Ball, location: 2F 1-2: Hit by Pitch
|
|
Batting: LHB John Elway
|
0-0: Ball 1-0: Foul Ball, location: 2F 1-1: Fly out, F8 (Flyball, 8LD, EV 80.6 MPH)
|
|
Batting: SHB Gerald Young
|
0-0: Called Strike 0-1: Ball 1-1: Called Strike 1-2: Ball 2-2: Ball 3-2: Base on Balls Chipper Jones to third Carlos Delgado to second
|
|
Batting: SHB Jorge Posada
|
0-0: Called Strike 0-1: Ball 1-1: Ball 2-1: Ball 3-1: Base on Balls Chipper Jones scores Carlos Delgado to third Gerald Young to second
|
|
Batting: RHB Rey Sanchez
|
0-0: Swinging Strike 0-1: Ball 1-1: Ball 2-1: Fielders Choice at 2nd, 6-4 (Groundball, 6, EV 82.5 MPH)
|
| Top of the 8th over - 3 runs, 1 hit, 1 error, 3 left on base; Milwaukee 9 - St. Louis 4 |
| BOTTOM OF THE 8TH |
|
St. Louis Cardinals batting - Pitching for Milwaukee Creams : LHP Jeff Calhoun
|
|
Batting: LHB Karim Garcia
|
0-0: Called Strike 0-1: Ball 1-1: Ball 2-1: Ground out 5-3 (Groundball, 56, EV 82.5 MPH)
|
|
Batting: RHB Dickie Thon
|
0-0: Ball 1-0: Ball 2-0: DOUBLE (Line Drive, 89XD, EV 101.9 MPH)
|
|
Pitching: RHP Tommy Greene
|
|
|
Batting: LHB Steve Finley
|
0-0: Swinging Strike 0-1: Fly out, F8 (Line Drive, 8LD, EV 93.1 MPH) Runner from 2nd tags up, SAFE at 3rd with throw by CF
|
|
Batting: RHB Damian Miller
|
0-0: Ball 1-0: Fly out, F6 (Line Drive, 6, EV 70.6 MPH)
|
| Bottom of the 8th over - 0 runs, 1 hit, 0 errors, 1 left on base; Milwaukee 9 - St. Louis 4 |
| TOP OF THE 9TH |
|
Milwaukee Creams batting - Pitching for St. Louis Cardinals : RHP Bryce Florie
|
|
Batting: LHB Tom Goodwin
|
0-0: Ground out 4-3 (Groundball, 34, EV 83.1 MPH)
|
|
Batting: RHB Mark Loretta
|
0-0: Called Strike 0-1: Ball 1-1: SINGLE (Line Drive, 8RS, EV 94.4 MPH)
|
|
Batting: SHB Chipper Jones
|
Pickoff Throw to First - Out! 1-3 0-0: Ball 1-0: Foul Ball, location: 2F 1-1: Swinging Strike 1-2: Ball 2-2: Ball 3-2: Base on Balls
|
|
Batting: SHB Ken Caminiti
|
0-0: Ball 1-0: Ball 2-0: Ball 3-0: Base on Balls Chipper Jones to second
|
|
Batting: LHB Carlos Delgado
|
0-0: Ball 1-0: 3-RUN HOME RUN (Line Drive, 9D, EV 108.8 MPH), Distance : 374 ft
|
|
Batting: LHB John Elway
|
0-0: Foul Ball, location: 2F 0-1: Swinging Strike 0-2: Ball 1-2: SOLO HOME RUN (Flyball, 9LD, EV 91.9 MPH), Distance : 343 ft
|
|
Batting: SHB Gerald Young
|
0-0: Ball 1-0: Called Strike 1-1: Ball 2-1: Ball 3-1: Base on Balls
|
|
Batting: SHB Jorge Posada
|
0-0: Called Strike 0-1: Swinging Strike 0-2: Hit by Pitch Gerald Young to second
|
|
Batting: RHB Rey Sanchez
|
0-0: Ball 1-0: Ball 2-0: Ball 3-0: Base on Balls Gerald Young to third Jorge Posada to second
|
|
Batting: LHB Tom Goodwin
|
0-0: Ball 1-0: Ball 2-0: Ball 3-0: Called Strike 3-1: Called Strike 3-2: Base on Balls Gerald Young scores Jorge Posada to third Rey Sanchez to second
|
|
Pitching: RHP Scott Erickson
|
|
|
Batting: RHB Mark Loretta
|
0-0: Called Strike 0-1: Ball 1-1: Ball 2-1: Foul Ball, location: 2F 2-2: Ball 3-2: SINGLE (Groundball, 6MD, EV 108.8 MPH) Jorge Posada scores Rey Sanchez to third Tom Goodwin to second Rey Sanchez scores Tom Goodwin to third
|
|
Batting: SHB Chipper Jones
|
0-0: Ball 1-0: Swinging Strike 1-1: Foul Ball, location: 2F 1-2: Ball 2-2: Foul Ball, location: 2F 2-2: Foul Ball, location: 2F 2-2: Foul Ball, location: 2F 2-2: SINGLE (Groundball, 6D, EV 100.0 MPH) Tom Goodwin scores Mark Loretta to second
|
|
Batting: SHB Ken Caminiti
|
0-0: Ball 1-0: Ball 2-0: Ball 3-0: Base on Balls Mark Loretta to third Chipper Jones to second
|
|
Batting: LHB Carlos Delgado
|
0-0: Ball 1-0: Ball 2-0: Ball 3-0: Called Strike 3-1: Foul Ball, location: 2F 3-2: Foul Ball, location: 2F 3-2: Base on Balls Mark Loretta scores Chipper Jones to third Ken Caminiti to second
|
|
Batting: LHB John Elway
|
0-0: Ball 1-0: Called Strike 1-1: Ball 2-1: Ball 3-1: Foul Ball, location: 2F 3-2: Strikes out looking
|
| Top of the 9th over - 9 runs, 5 hits, 0 errors, 3 left on base; Milwaukee 18 - St. Louis 4 |
| BOTTOM OF THE 9TH |
|
St. Louis Cardinals batting - Pitching for Milwaukee Creams : RHP Tommy Greene
|
|
Batting: RHB Doug Glanville
|
0-0: Ball 1-0: Ball 2-0: Called Strike 2-1: Foul Ball, location: 2F 2-2: Strikes out swinging
|
|
Batting: RHB Royce Clayton
|
0-0: Ball 1-0: Called Strike 1-1: Ball 2-1: Foul Ball, location: 2F 2-2: Ground out 6-3 (Groundball, 6, EV 111.9 MPH)
|
|
Batting: RHB John Valentin
|
0-0: Ball 1-0: Foul Ball, location: 2F 1-1: Swinging Strike 1-2: Strikes out looking
|
| Bottom of the 9th over - 0 runs, 0 hits, 0 errors, 0 left on base; Milwaukee 18 - St. Louis 4 |
|